Map: 16-Bit LE

Players

soul - Winner!

  • Race: Terran Terran
  • Spawn Location: 1:00

MaSa

  • Race: Terran Terran
  • Spawn Location: 7:00

Event: WCS Valencia 2018

VOD

Have the link to the VOD?

Description

Time

  • Played on: July 12, 2018, 10:14 a.m.
  • Length: 10:48

All games in this series

Show
View Real Time Build Order
Export as new Build Order

soul Terran - Winner!

Build Orders: Reaper Expand, MMM Bio 

Get SALT Encoding   

  12  0:01  SCV  
  13  0:15  Supply Depot  
  13  0:19  SCV  
  14  0:31  SCV  
  15  0:40  Barracks  
  15  0:46  Refinery  
  15  0:57  SCV  
  16  1:09  SCV  
  17  1:16  Barracks  
  17  1:24  SCV  
  17  1:43  Reaper, Orbital Command  
  17  1:59  Command Center  
  17  2:09  SCV  
  17  2:15  Reaper  
  19  2:21  SCV  
  20  2:25  Factory  
  20  2:32  Refinery  
  20  2:33  SCV  
  21  2:47  SCV  
  21  2:48  Supply Depot  
  22  2:59  SCV  
  23  3:10  Cyclone  
  23  3:11  SCV  
  27  3:19  Orbital Command  
  27  3:25  SCV  
  27  3:26  Starport  
  28  3:37  SCV  
  29  3:44  Cyclone  
  32  3:49  SCV  
  32  3:50  SCV  
  34  4:01  SCV  
  34  4:02  SCV  
  36  4:03  Starport Tech Lab  
  36  4:06  Supply Depot  
  36  4:13  SCV  
  36  4:14  SCV  
  38  4:25  SCV  
  38  4:26  SCV  
  36  4:31  Raven  
  36  4:36  Barracks Reactor  
  36  4:37  SCV  
  36  4:38  Command Center  
  39  4:40  SCV  
  40  4:49  SCV  
  40  4:51  Cyclone  
  43  4:53  SCV  
  44  5:01  Barracks  
  44  5:02  SCV, Barracks  
  44  5:05  SCV  
  43  5:08  Supply Depot  
  43  5:10  Refinery x2  
  43  5:13  Marine  
  43  5:14  SCV, Marine  
  45  5:18  SCV  
  47  5:21  Viking  
  47  5:26  SCV  
  50  5:31  SCV  
  50  5:32  Engineering Bay x2  
  51  5:36  Marine x2  
  51  5:43  Siege Tank  
  51  5:45  SCV  
  54  5:53  Starport Reactor  
  54  5:54  Barracks Tech Lab, Marine, Orbital Command  
  54  5:56  SCV  
  56  5:59  SCV  
  56  6:00  Marine  
  56  6:01  Missile Turret  
  56  6:03  Barracks Tech Lab  
  58  6:15  Stimpack, Siege Tank, Barracks  
  58  6:17  SCV, Barracks  
  61  6:21  Combat Shields  
  61  6:23  Marine x3  
  61  6:24  Marine  
  61  6:25  SCV, Orbital Command  
  66  6:40  Marine x2  
  66  6:41  Medivac  
  66  6:43  Missile Turret  
  66  6:45  Supply Depot x2  
  66  6:46  SCV  
  71  6:47  Siege Tank  
  71  6:48  Marine x2  
  76  6:57  SCV  
  76  7:01  Terran Infantry Weapons Level 1  
  77  7:02  Terran Infantry Armor Level 1  
  77  7:03  Barracks Reactor  
  77  7:04  Barracks Reactor  
  77  7:06  SCV x2, Marine x3  
  82  7:09  SCV  
  82  7:12  Supply Depot  
  82  7:13  Supply Depot  
  83  7:18  SCV  
  83  7:19  Marine  
  83  7:20  SCV  
  83  7:21  Sensor Tower  
  86  7:24  Marine x3  
  86  7:28  SCV  
  87  7:31  SCV  
  85  7:37  Marine  
  85  7:39  SCV  
  85  7:41  Medivac  
  85  7:42  Medivac, Marine x3  
  85  7:44  Marine  
  92  7:46  SCV  
  92  7:47  Marine  
  92  7:48  SCV  
  96  7:51  SCV  
  96  7:53  Armory  
  96  7:55  Marine  
  97  7:58  Supply Depot x2  
  97  7:59  Marine  
  97  8:03  Marine x2  
  97  8:04  Marine  
  101  8:05  SCV  
  101  8:06  Marine x2  
  101  8:09  SCV  
  101  8:11  SCV  
  106  8:19  SCV  
  107  8:22  SCV  
  107  8:24  SCV  
  107  8:25  Factory, Refinery x2  
  107  8:26  Marine  
  109  8:30  Barracks Reactor  
  109  8:31  Supply Depot, SCV  
  110  8:34  Marine  
  110  8:35  Marine x2  
  110  8:37  SCV  
  110  8:38  Marine  
  115  8:43  Terran Vehicle Weapons Level 1  
  115  8:45  Marine  
  115  8:46  Marine  
  116  8:50  Marine  
  116  8:52  Marine  
  116  8:53  Marine x2  
  120  8:56  Marine  
  120  8:59  SCV  
  108  9:03  Marine  
  108  9:04  Marine  
  108  9:06  Marine x2  
  108  9:08  SCV, Medivac x2, Marine  
  115  9:10  Marine  
  115  9:11  Marine x2  
  115  9:13  Marine  
  119  9:18  SCV  
  119  9:23  Siege Tank x2  
  126  9:24  Marine  
  126  9:29  SCV  
  126  9:30  SCV  
  132  9:31  SCV  
  132  9:34  Marine x3  
  132  9:35  Marine  
  132  9:36  Marine  
  132  9:37  Marine  
  132  9:38  Marine  
  133  9:50  SCV, Marine  
  133  9:56  Marine  
  133  10:01  Marine  
  133  10:09  Marine  
  133  10:14  Supply Depot  
  133  10:16  Supply Depot x2  
  133  10:18  SCV  
  133  10:30  Supply Depot  
  133  10:40  Command Center  
Show
View Real Time Build Order
Export as new Build Order

MaSa Terran 

Build Orders: MMM Bio 

Get SALT Encoding   

  12  0:00  SCV  
  13  0:12  SCV  
  14  0:17  Supply Depot  
  14  0:24  SCV  
  15  0:28  Refinery  
  15  0:39  SCV  
  16  0:46  Barracks  
  16  0:51  SCV  
  17  0:59  Refinery  
  18  1:04  SCV  
  18  1:33  Reaper  
  18  1:34  Orbital Command  
  19  1:47  Factory  
  19  1:59  SCV  
  20  2:05  Reaper  
  21  2:13  SCV  
  22  2:25  SCV  
  22  2:29  Command Center  
  23  2:45  SCV  
  23  2:46  Starport  
  23  2:48  Barracks Reactor  
  23  2:50  Supply Depot  
  23  3:03  SCV  
  23  3:16  Cyclone, SCV  
  26  3:24  Marine  
  26  3:25  Marine  
  28  3:27  Supply Depot  
  28  3:28  SCV  
  27  3:40  SCV  
  25  3:42  Orbital Command  
  24  3:52  SCV  
  25  3:56  Starport Tech Lab  
  25  4:00  Marine x2  
  27  4:04  SCV  
  27  4:07  SCV  
  29  4:14  Banshee  
  29  4:15  Cloaking Field  
  32  4:17  SCV  
  32  4:19  SCV  
  32  4:20  Marine  
  35  4:30  SCV, Marine  
  34  4:31  SCV  
  34  4:36  Cyclone  
  34  4:38  Marine  
  38  4:42  SCV  
  38  4:43  SCV  
  41  4:47  Marine  
  42  4:54  SCV  
  42  4:55  SCV  
  42  4:57  Banshee  
  42  5:05  Marine x2  
  42  5:06  SCV  
  44  5:07  SCV  
  44  5:12  Supply Depot, Engineering Bay  
  45  5:15  Factory Tech Lab  
  45  5:18  SCV  
  46  5:33  SCV x2, Marine x2  
  50  5:46  SCV x2, Command Center  
  52  5:51  Supply Depot  
  52  5:54  Marine, Banshee  
  52  5:55  Marine  
  54  5:59  Engineering Bay  
  54  6:01  Supply Depot  
  54  6:09  Refinery  
  54  6:12  SCV x2, Siege Tank  
  54  6:13  Marine, Refinery  
  54  6:17  Marine  
  61  6:21  Supply Depot  
  61  6:24  SCV  
  61  6:25  SCV  
  63  6:26  Terran Infantry Weapons Level 1  
  63  6:31  Supply Depot  
  63  6:35  Terran Infantry Armor Level 1  
  63  6:37  SCV  
  64  6:41  SCV  
  64  6:45  Siege Tank, Starport Reactor  
  68  6:49  Marine  
  68  6:54  Supply Depot, Barracks  
  69  6:55  Stimpack  
  69  6:56  SCV  
  70  7:02  Barracks  
  70  7:07  Marine, Orbital Command  
  71  7:08  SCV  
  71  7:12  SCV  
  73  7:19  Siege Tank  
  73  7:20  SCV  
  77  7:24  SCV, Marine  
  79  7:33  SCV  
  79  7:36  Liberator, SCV  
  82  7:37  Orbital Command  
  82  7:41  Barracks  
  82  7:42  Marine  
  82  7:43  Barracks  
  76  7:48  Medivac, Sensor Tower  
  78  7:51  Siege Tank  
  78  7:55  SCV, Barracks Reactor  
  85  7:59  Refinery  
  85  8:00  Marine  
  85  8:03  Armory  
  85  8:05  SCV  
  87  8:06  Refinery  
  87  8:07  SCV  
  87  8:08  SCV  
  87  8:10  Marine  
  90  8:12  Marine  
  90  8:17  SCV  
  90  8:18  Marine  
  90  8:19  SCV  
  94  8:20  SCV  
  94  8:22  Supply Depot  
  94  8:23  Supply Depot  
  95  8:28  Marine  
  95  8:29  SCV  
  95  8:30  Barracks Reactor x2, Marine  
  95  8:31  SCV  
  95  8:32  SCV, Marine  
  95  8:34  Medivac  
  103  8:36  Medivac, Marine  
  103  8:39  Marine  
  107  8:41  SCV  
  107  8:43  SCV  
  107  8:44  SCV  
  107  8:46  Marine  
  111  8:48  Marine  
  111  8:52  Sensor Tower  
  111  8:55  Combat Shields  
  111  9:00  Marine x3  
  102  9:03  SCV, Marine  
  102  9:04  Medivac  
  102  9:06  Medivac  
  102  9:07  Marine x5  
  106  9:12  SCV  
  106  9:13  Siege Tank  
  107  9:18  Marine x3  
  107  9:19  SCV  
  107  9:21  Marine  
  107  9:22  SCV  
  112  9:25  Marine x5  
  115  9:33  Factory  
  115  9:34  Medivac  
  115  9:36  Marine x3  
  120  9:42  SCV x2  
  122  9:47  Marine x3  
  122  9:52  Marine  
  120  9:54  SCV, Marine x3  
  120  9:56  Marine x2  
  120  9:58  SCV  
  116  10:04  Marine x2  
  116  10:05  SCV, Marine  
  106  10:09  SCV, Marine  
  106  10:12  Marine x3  
  105  10:14  Marine x2  
  104  10:22  Marine x3  
  104  10:26  SCV x3  
  104  10:27  Marine  
Tags
 
Composition
MMM BioMMM Bio
Matchup
TvT
Player
MaSasouL
Race
Terran
Spawn Locations
Cross Positions
Add a new tag
Caveats
  • Supply blocks, unpowered buildings, or Contaminate may cause inaccurate times.
  • Supply counts are checked every 10 seconds.